 Dungeon Sprint DCSS version 0.31-a0-986-g5e6e4ef867 (webtiles) character file.

Game seed: 4162314958191638583

208 sircluck the Ruffian (level 5, -2/88 HPs)
             Began as a Troll Berserker on Nov 15, 2023.
             Was a Priest of Trog.
             Slain by a spriggan
             ... wielding a +0 rapier
              (6 damage)
             ... in the Dungeon (Sprint IV: "Fedhas' Mad Dash").
             The game lasted 00:01:35 (170 turns).

sircluck the Ruffian (Troll Berserker)               Turns: 170, Time: 00:01:35

Health: -2/88      AC:  4    Str: 27    XL:     5   Next: 55%
Magic:  4/4        EV: 11    Int:  3    God:    Trog [***...]
Gold:   74         SH:  0    Dex:  9    Spells: 4/4 levels left

rFire   . .          .
                       - Unarmed
rCold   . . .        (no shield)
rNeg    . . .        a - +0 animal skin
rPois   .            (helmet restricted)
rElec   .            (no cloak)
rCorr   .            (gloves unavailable)
SInv    .            (boots unavailable)
Will    .....        h - amulet of invisibility {+Inv} Stlth
                     (no ring)
HPRegen 1.14/turn    (no ring)
MPRegen 0.09/turn

%: no teleportation
@: berserking (expiring), lethally poisoned (-2 -> -8), very quick
A: large, unfitting armour, claws 3, regeneration 1, shaggy fur 1, tough skin 1
a: Renounce Religion, Evoke Invisibility, Berserk, Trog's Hand


You were in the Dungeon.
You worshipped Trog.
Trog was most pleased with you.
You visited 1 branch You collected 74 gold pieces.

Inventory:

Missiles
 i - 14 stones (quivered)
 j - 5 poisoned darts
Armour
 a - a +0 animal skin (worn)
Jewellery
 h - the amulet of invisibility (around neck) {+Inv}
   (You found it in the Dungeon)

   [amulet of nothing]

   +Inv:      It lets you turn invisible.
Scrolls
 g - 2 scrolls of blinking
Potions
 b - a potion of curing
 c - a potion of heal wounds
 d - a potion of haste
 e - 2 potions of magic
 f - a potion of berserk rage


   Skills:
 + Level 6.1 Fighting
 + Level 6.0 Dodging
 + Level 7.3 Unarmed Combat


You had 4 spell levels left.
You didn't know any spells.
Your spell library was empty.

Dungeon Overview and Level Annotations

Branches:
Dungeon (1/1)

Altars:
Cheibriados
Dithmenos
Elyvilon
Gozag
Hepliaklqana
Kikubaaqudgha
Makhleb
Nemelex Xobeh
Okawaru
Qazlal
Ru
Sif Muna
Trog
Uskayaw
Vehumet
Wu Jian
Xom
Yredelemnul
Zin
The Shining One
Jiyva
Lugonu


Innate Abilities, Weirdness & Mutations

You are too large for most types of armour.
You have claws for hands.
Your natural rate of healing is unusually fast.
You are covered in fur. (AC +1)
You have tough skin. (AC +1)


Message History

The spriggan hits you but does no damage.
You barely miss the spriggan. The spriggan hits you with a +0 rapier.
You miss the spriggan.
The scorpion stings you but does no damage.
The spriggan hits you with a +0 rapier! The spriggan hits you with a +0 rapier.
There is an open door, spattered with blood here.
You closely miss the spriggan. The scorpion stings you.
You barely miss the spriggan. The spriggan hits you with a +0 rapier!
The spriggan hits you with a +0 rapier.
You closely miss the spriggan.
The scorpion stings you but does no damage.
The spriggan barely misses you.
Unknown command.
You barely miss the spriggan. The spriggan misses you. The scorpion stings you.
You are poisoned.
The scorpion poisons you!
Unknown command.
Unknown command.
You claw the spriggan!
The spriggan is severely wounded.
You feel sick. The spriggan hits you with a +0 rapier!
* * * LOW HITPOINT WARNING * * *
The spriggan closely misses you.
Unknown command.
Unknown command.
You barely miss the spriggan.
The spriggan is severely wounded.
You feel sick. The scorpion stings you!
* * * LOW HITPOINT WARNING * * *
Unknown command.
Unknown command.
You miss the spriggan.
The spriggan is severely wounded.
You feel sick. The spriggan hits you with a +0 rapier.
* * * LOW HITPOINT WARNING * * *
The scorpion stings you.
* * * LOW HITPOINT WARNING * * *
You are lethally poisoned!
The scorpion poisons you! The spriggan hits you with a +0 rapier.
You die...

#####################
.⌠._._._._.⌠.#..@i..#
.._._._._._..'.i#s.$#
..._._._._...#..###+#
.._._._._._..#..#
._._._._._.⌠.####
##############


You could see 2 spriggans and a scorpion.

Vanquished Creatures
  A scorpion (D)
  4 oklob saplings (D)
  A river rat (D)
  A rat (D)
7 creatures vanquished.

Notes
Turn   | Place    | Note
-------+----------+-------------------------------------------
     0 | D        | sircluck the Troll Berserker began the quest for the Orb.
     0 | D        | Reached XP level 1. HP: 22/22 MP: 0/0
    11 | D        | Reached XP level 2. HP: 29/31 MP: 1/1
    22 | D        | Noticed an oklob sapling
    47 | D        | Killed an oklob sapling
    47 | D        | Reached ** piety under Trog
    48 | D        | Reached skill level 4 in Unarmed Combat
    48 | D        | Reached XP level 3. HP: 39/39 MP: 2/2
    49 | D        | Noticed a scorpion
    49 | D        | Found the amulet of invisibility {+Inv}
    52 | D        | Killed a scorpion
    53 | D        | Reached skill level 5 in Unarmed Combat
    53 | D        | Reached XP level 4. HP: 42/49 MP: 3/3
    82 | D        | Reached skill level 5 in Fighting
    82 | D        | Reached skill level 5 in Dodging
    82 | D        | Reached skill level 6 in Unarmed Combat
    98 | D        | Found an opulent altar of Gozag.
    98 | D        | Found a hazy altar of Hepliaklqana.
    98 | D        | Found a burning altar of Makhleb.
    98 | D        | Found a sparkling altar of Nemelex Xobeh.
    98 | D        | Found a snail-covered altar of Cheibriados.
    98 | D        | Found a sacrificial altar of Ru.
    98 | D        | Found a shimmering blue altar of Sif Muna.
    98 | D        | Found a shimmering altar of Xom.
    98 | D        | Found a basalt altar of Yredelemnul.
   112 | D        | Found a viscous altar of Jiyva.
   112 | D        | Found a bloodstained altar of Trog.
   112 | D        | Found an ornate altar of the Wu Jian Council.
   113 | D        | Found an iron altar of Okawaru.
   113 | D        | Found a shadowy altar of Dithmenos.
   113 | D        | Found a glowing silver altar of Zin.
   114 | D        | Found a hide-covered altar of Uskayaw.
   114 | D        | Found an ancient bone altar of Kikubaaqudgha.
   115 | D        | Found a stormy altar of Qazlal.
   115 | D        | Found a glowing golden altar of the Shining One.
   115 | D        | Found a white marble altar of Elyvilon.
   116 | D        | Found a radiant altar of Vehumet.
   116 | D        | Found a corrupted altar of Lugonu.
   124 | D        | Reached XP level 5. HP: 50/59 MP: 4/4
   150 | D        | Reached *** piety under Trog
   151 | D        | Reached skill level 7 in Unarmed Combat
   170 | D        | HP: 4/88 [scorpion (3)]
   170 | D        | Slain by a spriggan

Illustrated notes

Levels and vault maps discovered:
D:        dungeon_sprint_fedhas [sprint_temple]

Skill      XL: |  1  2  3  4  5 |
---------------+----------------+-----
Fighting       | 3 4 5 6 |  6.1
Dodging        | 3 4 5 6 |  6.0
Unarmed Combat | 4 5 6 7 |  7.3

Action                     |  1- 3 |  4- 6 || total
---------------------------+-------+-------++-------
  Melee: Unarmed           |    15 |    18 ||    33
         Punch             |       |     1 ||     1
 Invoke: Berserk           |       |     1 ||     1
Ability: Evoke Invisibilit |       |     1 ||     1
   Stab: Sleeping          |     1 |       ||     1
 Armour: Animal skin       |     9 |    18 ||    27
  Dodge: Dodged            |     4 |     3 ||     7

Table legend: (Time is in decaauts)
 A = Elapsed time spent in this place.
 B = Non-inter-level travel time spent in this place.
 C = Inter-level travel time spent in this place.
 D = Time resting spent in this place.
 E = Time spent auto-exploring this place.
 F = Levels seen in this place.
 G = Mean time per level.
                   A        B        C        D        E       F      G
               +--------+--------+--------+--------+--------+-----+--------+
         Total |    164 |    164 |      0 |     35 |      8 |   1 |  164.0 |
       Dungeon |    164 |    164 |      0 |     35 |      8 |   1 |  164.0 |
               +--------+--------+--------+--------+--------+-----+--------+

Top non-repeatable levels by time:
       D: 164 daAuts
